 Dungeon Sprint DCSS version 0.20-a0-268-gb6bde61 (webtiles) character file.

23800000 esc the Formicid Barricade (level 27, -3/249 HPs)
             Began as a Formicid Fighter on Dec 7, 2016.
             Was the Champion of Makhleb.
             Killed by divine providence
             ... invoked by an observer
              (14 damage)
             ... in the Dungeon (Sprint VIII: "Arena of Blood").
             The game lasted 00:06:24 (238 turns).

esc the Formicid Barricade (Formicid Fighter)        Turns: 238, Time: 00:06:25

Health: -3/249     AC: 13    Str: 28    XL:     27
Magic:  54/54      EV: 30    Int:  8    God:    Makhleb [******]
Gold:   0          SH: 20    Dex: 16    Spells: 80/80 levels left

rFire  . . .     SeeInvis +     l - +∞ Axe of Woe
rCold  . . .     Gourm    .     b - +0 scale mail
rNeg   . . .     Faith    .     c - +0 shield
rPois  .         Spirit   .     (helmet unavailable)
rElec  .         Reflect  .     (no cloak)
rCorr  .         Harm     .     (no gloves)
MR     ++...                    (no boots)
Stlth  ++++++++..               (no amulet)
                                (no ring)
                                m - +30 ring of slaying

@: no status effects
A: permanent stasis, dig shafts and tunnels, four strong arms, antennae 3
a: Dig, Minor Destruction, Lesser Servant of Makhleb, Major Destruction, Greater
Servant of Makhleb, Renounce Religion


You were in the Dungeon.
You worshipped Makhleb.
Makhleb was exalted by your worship.
You were not hungry.

You visited 1 branch

Inventory:

Hand Weapons
 a - a +0 war axe
 l - the +∞ Axe of Woe (weapon)
   (You found it in the Dungeon)
Armour
 b - a +0 scale mail (worn)
 c - a +0 shield (worn)
Jewellery
 m - a +30 ring of slaying (left hand)
   (You took it off an ogre in the Dungeon)
 n - a +250 ring of slaying
   (You took it off a skeletal warrior in the Dungeon)
 o - a +30 ring of slaying
   (You took it off an orc in the Dungeon)
 p - a +30 ring of slaying
   (You took it off an orc in the Dungeon)
 r - a +30 ring of slaying
   (You took it off an ogre in the Dungeon)
Scrolls
 k - a scroll of blinking {!r}
Potions
 d - a potion of might
 e - a potion of curing
 g - a potion of heal wounds
 h - a potion of haste
 i - 2 potions of magic
 j - a potion of berserk rage {!q}
Comestibles
 f - a bread ration {@e1}
 q - 9 chunks of flesh {@w0}


   Skills:
 O Level 27 Fighting
 O Level 27 Axes
 O Level 27 Throwing
 O Level 27 Armour
 O Level 27 Dodging
 O Level 27 Stealth
 O Level 27 Shields
 O Level 27 Unarmed Combat
 O Level 27 Spellcasting
 O Level 27 Invocations


You had 80 spell levels left.
You didn't know any spells.

Dungeon Overview and Level Annotations

Branches:
Dungeon (1/1)

Altars:
Makhleb

Annotations:
D The Defiler


Innate Abilities, Weirdness & Mutations

You cannot be hasted, slowed, berserked, paralysed or teleported.
You can dig through walls and to a lower floor.
Your four strong arms can wield two-handed weapons with a shield.
You have a pair of large antennae on your head. (SInv)


Message History

You dissect the crawling corpse like a pig carcass.
You destroy the crawling corpse!
You are engulfed in roaring flames.
The destroyer blinks!
You hear a shout!
The eight-headed meat hydra calls on the powers of darkness!
The eight-headed meat hydra convulses!
The bag of meat convulses!
The Defiler convulses!
The scourge convulses! x2; The bag of meat convulses! x2
The observer convulses! x2; The eight-headed meat hydra convulses!
The bag of meat convulses!
The meat berserker convulses! x2
The bag of meat convulses! x5; The observer convulses!
Your body is wracked with pain!
* * * LOW HITPOINT WARNING * * *
The observer convulses!
The fleshlord casts a spell.
You hear a grinding noise.
The fleshlord appears out of thin air!
A fleshlord comes into view. It is wielding a +9 great mace.
The large abomination is engulfed in roaring flames.
The destroyer is engulfed in roaring flames.
The destroyer blinks!
The dread calls on the powers of darkness!
The scourge convulses!
The bag of meat convulses!
The scourge convulses!
The bag of meat convulses! x2; The observer convulses!
The bag of meat convulses!
The meat berserker convulses!
The scourge convulses!
The eight-headed meat hydra convulses!
The Defiler convulses!
Your body is wracked with pain!
* * * LOW HITPOINT WARNING * * *
The meat berserker convulses!
The bag of meat convulses!
The observer convulses!
The fleshlord convulses!
The fleshlord shouts!
The bag of meat convulses! x5; The observer convulses!
The accursed gestures at you while chanting.
Something smites you!
* * * LOW HITPOINT WARNING * * *
You hear a shout! x3
The observer gazes at you. Something smites you!
* * * LOW HITPOINT WARNING * * *
The dread calls on the powers of darkness!
The observer convulses!
The meat berserker convulses!
The scourge convulses! x3
The bag of meat convulses!
The observer convulses!
The meat berserker convulses!
The Defiler convulses!
Your body is wracked with pain!
* * * LOW HITPOINT WARNING * * *
The meat berserker convulses!
The bag of meat convulses! x2
The eight-headed meat hydra convulses!
The bag of meat convulses! x2
The observer convulses!
The bag of meat convulses! x2; The observer convulses!
The bag of meat convulses! x2; The meat berserker convulses!
The destroyer blinks!
A great orb of eyes, a molten gargoyle and a lich come into view.
You take 33 damage, and have 4/249 hp.
Unknown command.
Unknown command.
Unknown command.
Unknown command.
You slice the bag of meat like a ripe choko!!!!
You hew the bag of meat savagely.
You kill the bag of meat!
Makhleb accepts your kill.
You feel better.
You hit the large abomination but do no damage.
You cleave the large abomination in twain.
You destroy the large abomination!
Makhleb accepts your kill.
You feel better.
You slice the bag of meat!!
You fatally mangle the bag of meat.
You kill the bag of meat!
Makhleb accepts your kill.
You feel better.
You are engulfed in roaring flames.
You hear a shout!
The observer gazes at you. Something smites you!
You hear a shout! x2
The fleshlord gestures wildly while chanting.
The sculptor of flesh moves out of view.
The meat berserker is engulfed in roaring flames.
You hear a shout!
The accursed gestures at you while chanting.
Something smites you!
The destroyer is engulfed in roaring flames.
The observer gazes at you. The bolt of fire hits you!
* * * LOW HITPOINT WARNING * * *
You hear a shout!
The eight-headed meat hydra calls on the powers of darkness!
The eight-headed meat hydra convulses!
The bag of meat convulses!
The Defiler convulses!
The bag of meat convulses!
The scourge convulses!
The bag of meat convulses! x2; The observer convulses!
The bag of meat convulses!
The eight-headed meat hydra convulses!
The bag of meat convulses!
The meat berserker convulses!
The bag of meat convulses!
The scourge convulses!
The bag of meat convulses!
The observer convulses!
The bag of meat convulses!
The observer convulses!
Your body is wracked with pain!
* * * LOW HITPOINT WARNING * * *
The meat berserker convulses!
The scourge convulses!
The observer convulses!
The fleshlord convulses!
The bag of meat convulses!
The observer pulsates ominously.
The observer gazes at you. Something smites you!
You die...

##.# ## #)## #.# ##.#
#.# ##.## #.##.#)#
#####.#.)#######
.....§§)§§.%..%####
p...GoV§)§o..%....#
...§##§@O§S.o9.%...
..V..W))x.9........
###..SWo#GW##Sop.....
....%X.SooMOOo..G....
...%%DW.o@#W2{{{o...#
....V..ooGDoo..{..###
#........Mox.WL{.S..
.#......)WGM.O.......
.......)o§....L......


You could see 3 accurseds, a meat beast, a tyrant, 2 eight-headed meat hydras, 3
destroyers, 5 observers, 4 scourges, 2 fleshlords, a large abomination, The
Defiler, 2 wretched souls, 5 dreads, 2 viles, 3 meat berserkers, a small
abomination, 14 bags of meat and a crawling corpse.

Vanquished Creatures
  A molten gargoyle (D)
  6 hell knights (D)
  4 hell beasts (D)
  5 greater mummies (D)
  2 great orbs of eyes (D)
  7 wraiths (D)
  Harold (D)
  4 vampire knights (D)
  23 ogres (D)
  2 liches (D)
  3 hydras (D)
  44 orcs (D)
  4 phantoms (D)
  3 hill giants (D)
  2 skeletal warriors (D)
  6 sea snakes (D)
  2 large abominations (D)
  8 crawling corpses (D)
127 creatures vanquished.

Vanquished Creatures (others)
  An orc (D)
  A sea snake (D)
  3 crawling corpses (D)
5 creatures vanquished.

Grand Total: 132 creatures vanquished

Notes
Turn   | Place    | Note
-------+----------+-------------------------------------------
     0 | D        | esc the Formicid Fighter began the quest for the Orb.
     0 | D        | Reached XP level 1. HP: 18/18 MP: 1/1
     3 | D        | Noticed a meat berserker
     4 | D        | Became a worshipper of Makhleb the Destroyer
     5 | D        | Killed a meat berserker
     5 | D        | Reached skill level 18 in Fighting
     5 | D        | Reached skill level 16 in Axes
     5 | D        | Reached skill level 18 in Armour
     5 | D        | Reached skill level 19 in Shields
     5 | D        | Reached XP level 2. HP: 48/48 MP: 2/2
     5 | D        | Reached XP level 3. HP: 54/54 MP: 3/3
     5 | D        | Reached XP level 4. HP: 62/62 MP: 4/4
     5 | D        | Reached XP level 5. HP: 68/68 MP: 5/5
     5 | D        | Reached XP level 6. HP: 75/75 MP: 6/6
     5 | D        | Reached XP level 7. HP: 82/82 MP: 7/7
     5 | D        | Reached XP level 8. HP: 89/89 MP: 8/8
     5 | D        | Reached XP level 9. HP: 95/95 MP: 9/9
     5 | D        | Reached XP level 10. HP: 103/103 MP: 10/10
     5 | D        | Reached XP level 11. HP: 109/109 MP: 11/11
     5 | D        | Reached XP level 12. HP: 116/116 MP: 12/12
     5 | D        | Reached XP level 13. HP: 122/122 MP: 13/13
     6 | D        | Noticed a bag of meat
    10 | D        | Noticed a bag of meat
    10 | D        | Noticed a meat berserker
    10 | D        | Noticed a meat berserker
    10 | D        | Noticed a bag of meat
    10 | D        | Noticed a bag of meat
    10 | D        | Noticed a meat berserker
    10 | D        | Noticed a bag of meat
    10 | D        | Noticed a meat berserker
    11 | D        | Noticed a bag of meat
    11 | D        | Noticed a meat berserker
    11 | D        | Killed a bag of meat
    11 | D        | Reached * piety under Makhleb
    11 | D        | Reached skill level 19 in Fighting
    11 | D        | Reached skill level 18 in Axes
    11 | D        | Reached skill level 19 in Armour
    11 | D        | Reached skill level 6 in Dodging
    11 | D        | Reached skill level 20 in Shields
    11 | D        | Reached XP level 14. HP: 133/133 MP: 14/14
    12 | D        | Noticed a meat berserker
    12 | D        | Noticed a bag of meat
    12 | D        | Noticed a bag of meat
    12 | D        | Noticed a bag of meat
    13 | D        | Noticed a bag of meat
    13 | D        | Noticed a meat berserker
    14 | D        | Noticed a large bag of meat
    14 | D        | Noticed a bag of meat
    14 | D        | Noticed a bag of meat
    14 | D        | Noticed a bag of meat
    14 | D        | Killed a meat berserker
    14 | D        | Reached skill level 21 in Fighting
    14 | D        | Reached skill level 19 in Axes
    14 | D        | Reached skill level 21 in Armour
    14 | D        | Reached skill level 11 in Dodging
    14 | D        | Reached skill level 22 in Shields
    14 | D        | Reached XP level 15. HP: 144/144 MP: 15/15
    14 | D        | Killed a meat berserker
    14 | D        | Reached skill level 22 in Fighting
    14 | D        | Reached skill level 21 in Axes
    14 | D        | Reached skill level 22 in Armour
    14 | D        | Reached skill level 13 in Dodging
    14 | D        | Reached skill level 24 in Shields
    14 | D        | Reached XP level 16. HP: 156/156 MP: 16/16
    14 | D        | Killed a meat berserker
    14 | D        | Reached ** piety under Makhleb
    14 | D        | Reached skill level 24 in Fighting
    14 | D        | Reached skill level 22 in Axes
    14 | D        | Reached skill level 24 in Armour
    14 | D        | Reached skill level 15 in Dodging
    14 | D        | Reached skill level 25 in Shields
    14 | D        | Reached XP level 17. HP: 166/166 MP: 17/17
    14 | D        | Killed a meat berserker
    14 | D        | Reached skill level 25 in Fighting
    14 | D        | Reached skill level 23 in Axes
    14 | D        | Reached skill level 25 in Armour
    14 | D        | Reached skill level 17 in Dodging
    14 | D        | Reached skill level 27 in Shields
    14 | D        | Reached XP level 18. HP: 177/177 MP: 18/18
    15 | D        | Killed a meat berserker
    15 | D        | Reached skill level 26 in Fighting
    15 | D        | Reached skill level 25 in Axes
    15 | D        | Reached skill level 26 in Armour
    15 | D        | Reached skill level 19 in Dodging
    15 | D        | Reached *** piety under Makhleb
    15 | D        | Reached skill level 27 in Fighting
    15 | D        | Reached skill level 26 in Axes
    15 | D        | Reached skill level 27 in Armour
    15 | D        | Reached skill level 20 in Dodging
    15 | D        | Reached XP level 19. HP: 170/189 MP: 19/19
    17 | D        | Noticed a meat berserker
    17 | D        | Killed a meat berserker
    17 | D        | Reached skill level 27 in Axes
    17 | D        | Reached skill level 23 in Dodging
    17 | D        | Reached skill level 15 in Invocations
    17 | D        | Reached skill level 24 in Dodging
    17 | D        | Reached skill level 19 in Invocations
    17 | D        | Reached **** piety under Makhleb
    17 | D        | Reached skill level 25 in Dodging
    17 | D        | Reached skill level 21 in Invocations
    17 | D        | Reached XP level 20. HP: 197/197 MP: 19/34
    19 | D        | Reached skill level 26 in Dodging
    19 | D        | Reached skill level 23 in Invocations
    19 | D        | Reached skill level 27 in Dodging
    19 | D        | Reached skill level 26 in Invocations
    19 | D        | Reached skill level 27 in Invocations
    19 | D        | Reached skill level 6 in Throwing
    19 | D        | Reached skill level 8 in Stealth
    19 | D        | Reached skill level 6 in Unarmed Combat
    19 | D        | Reached skill level 6 in Spellcasting
    20 | D        | Noticed a meat berserker
    20 | D        | Noticed a destroyer
    21 | D        | Noticed a large bag of meat
    21 | D        | Noticed a meat berserker
    21 | D        | Killed a meat berserker
    21 | D        | Reached ***** piety under Makhleb
    21 | D        | Reached skill level 12 in Throwing
    21 | D        | Reached skill level 15 in Stealth
    21 | D        | Reached skill level 12 in Unarmed Combat
    21 | D        | Reached skill level 12 in Spellcasting
    21 | D        | Reached XP level 21. HP: 204/204 MP: 19/38
    21 | D        | Reached skill level 14 in Throwing
    21 | D        | Reached skill level 17 in Stealth
    21 | D        | Reached skill level 14 in Unarmed Combat
    21 | D        | Reached skill level 14 in Spellcasting
    21 | D        | Reached skill level 15 in Throwing
    21 | D        | Reached skill level 19 in Stealth
    21 | D        | Reached skill level 15 in Unarmed Combat
    21 | D        | Reached skill level 15 in Spellcasting
    21 | D        | Reached skill level 16 in Throwing
    21 | D        | Reached skill level 20 in Stealth
    21 | D        | Reached skill level 16 in Unarmed Combat
    21 | D        | Reached skill level 16 in Spellcasting
    22 | D        | Reached skill level 18 in Throwing
    22 | D        | Reached skill level 22 in Stealth
    22 | D        | Reached skill level 18 in Unarmed Combat
    22 | D        | Reached skill level 18 in Spellcasting
    22 | D        | Reached XP level 22. HP: 212/212 MP: 20/44
    22 | D        | Reached skill level 19 in Throwing
    22 | D        | Reached skill level 23 in Stealth
    22 | D        | Reached skill level 19 in Unarmed Combat
    22 | D        | Reached skill level 19 in Spellcasting
    22 | D        | Killed a meat berserker
    22 | D        | Reached skill level 20 in Throwing
    22 | D        | Reached skill level 25 in Stealth
    22 | D        | Reached skill level 20 in Unarmed Combat
    22 | D        | Reached skill level 20 in Spellcasting
    22 | D        | Reached ****** piety under Makhleb
    22 | D        | Reached skill level 21 in Throwing
    22 | D        | Reached skill level 26 in Stealth
    22 | D        | Reached skill level 21 in Unarmed Combat
    22 | D        | Reached skill level 21 in Spellcasting
    22 | D        | Reached skill level 22 in Throwing
    22 | D        | Reached skill level 27 in Stealth
    22 | D        | Reached skill level 22 in Unarmed Combat
    22 | D        | Reached skill level 22 in Spellcasting
    22 | D        | Reached XP level 23. HP: 219/219 MP: 20/49
    23 | D        | Noticed a destroyer
    24 | D        | Reached skill level 23 in Throwing
    24 | D        | Reached skill level 23 in Unarmed Combat
    24 | D        | Reached skill level 23 in Spellcasting
    24 | D        | Reached skill level 24 in Throwing
    24 | D        | Reached skill level 24 in Unarmed Combat
    24 | D        | Reached skill level 24 in Spellcasting
    24 | D        | Reached skill level 25 in Throwing
    24 | D        | Reached skill level 25 in Unarmed Combat
    24 | D        | Reached skill level 25 in Spellcasting
    24 | D        | Reached skill level 26 in Throwing
    24 | D        | Reached skill level 26 in Unarmed Combat
    24 | D        | Reached skill level 26 in Spellcasting
    24 | D        | Reached skill level 27 in Throwing
    24 | D        | Reached skill level 27 in Unarmed Combat
    24 | D        | Reached skill level 27 in Spellcasting
    24 | D        | Reached XP level 24. HP: 227/227 MP: 20/54
    26 | D        | Killed a destroyer
    27 | D        | Reached XP level 25. HP: 234/234 MP: 21/54
    28 | D        | Noticed a destroyer
    29 | D        | Killed a destroyer
    29 | D        | Reached XP level 26. HP: 242/242 MP: 21/54
    37 | D        | Noticed a destroyer
    87 | D        | Reached XP level 27. HP: 249/249 MP: 42/54
   124 | D        | Noticed a fleshlord
   124 | D        | Noticed a fleshlord
   132 | D        | Killed a fleshlord
   134 | D        | Killed a fleshlord
   141 | D        | Noticed a meat beast
   141 | D        | Killed a meat beast
   149 | D        | Noticed a dread
   149 | D        | Killed a dread
   156 | D        | Noticed a fleshlord
   166 | D        | Killed a fleshlord
   169 | D        | Noticed an accursed
   169 | D        | Killed an accursed
   170 | D        | Noticed an accursed
   170 | D        | Killed an accursed
   176 | D        | Noticed a dread
   176 | D        | Killed a dread
   178 | D        | Noticed a dread
   178 | D        | Killed a dread
   183 | D        | Noticed a meat beast
   183 | D        | Noticed a dread
   184 | D        | Noticed a destroyer
   184 | D        | Noticed a dread
   186 | D        | Noticed a dread
   186 | D        | Killed a meat beast
   211 | D        | Killed a dread
   212 | D        | Noticed a destroyer
   212 | D        | Noticed The Servant
   212 | D        | Noticed an accursed
   212 | D        | Noticed a fleshlord
   213 | D        | Noticed a meat beast
   215 | D        | Noticed a tyrant
   215 | D        | Killed a meat beast
   216 | D        | Noticed an accursed
   216 | D        | Noticed a dread
   216 | D        | Killed a dread
   217 | D        | Noticed a fleshlord
   217 | D        | Noticed a fleshlord
   218 | D        | Killed a fleshlord
   218 | D        | Killed a destroyer
   218 | D        | Killed a fleshlord
   219 | D        | Noticed an accursed
   221 | D        | Killed a destroyer
   222 | D        | Noticed a destroyer
   222 | D        | Noticed a meat beast
   222 | D        | HP: 59/249 [bag of meat/+9 war axe (26)]
   223 | D        | Killed The Servant
   223 | D        | Killed a fleshlord
   224 | D        | Noticed a tyrant
   225 | D        | Noticed a dread
   225 | D        | Noticed a dread
   226 | D        | Killed an accursed
   228 | D        | HP: 33/249 [??? (31)]
   229 | D        | HP: 13/249 [accursed/divine providence (10)]
   230 | D        | Killed a dread
   231 | D        | Noticed a destroyer
   231 | D        | Noticed a vile
   231 | D        | Noticed a vile
   231 | D        | Killed a dread
   231 | D        | Killed an accursed
   232 | D        | Noticed a dread
   232 | D        | Noticed a dread
   232 | D        | Noticed a fleshlord
   232 | D        | Killed a tyrant
   232 | D        | Killed a meat beast
   233 | D        | Noticed a meat beast
   233 | D        | Noticed The Defiler
   233 | D        | Killed a vile
   233 | D        | Killed a tyrant
   234 | D        | Noticed an accursed
   234 | D        | Noticed an accursed
   234 | D        | Noticed a tyrant
   234 | D        | Noticed an accursed
   234 | D        | Noticed a dread
   235 | D        | HP: 59/249 [??? (57)]
   236 | D        | Noticed a destroyer
   236 | D        | Killed an accursed
   237 | D        | Noticed a fleshlord
   237 | D        | HP: 16/249 [accursed/divine providence (15)]
   237 | D        | HP: 6/249 [observer/divine providence (10)]
   238 | D        | Noticed a vile
   238 | D        | Noticed a tyrant
   238 | D        | Killed from afar by an observer

Vault maps used:
D:        meatsprint

Skill      XL: |  1  2  3  4  5  6  7  8  9 10 11 12 13 14 15 16 17 18 19 20 21 22 23 |
---------------+----------------------------------------------------------------------+-----
Fighting       | 18 19 21 22 24 25 27 | 27.0
Axes           | 16 18 19 21 22 23 26 27 | 27.0
Armour         | 18 19 21 22 24 25 27 | 27.0
Shields        | 19 20 22 24 25 27 | 27.0
Dodging        | 6 11 13 15 17 20 25 27 | 27.0
Invocations    | 21 27 | 27.0
Throwing       | 12 18 22 27 | 27.0
Stealth        | 15 22 27 | 27.0
Unarmed Combat | 12 18 22 27 | 27.0
Spellcasting   | 12 18 22 27 | 27.0

Action                   |  1- 3 |  4- 6 |  7- 9 | 10-12 | 13-15 | 16-18 | 19-21 | 22-24 | 25-27 || total
-------------------------+-------+-------+-------+-------+-------+-------+-------+-------+-------++-------
Melee: Executioner's axe |     1 |       |       |       |     2 |     1 |     4 |     3 |    55 ||    66
 Abil: Dig               |       |       |       |       |       |       |       |       |     2 ||     2
Dodge: Dodged            |     1 |       |       |       |       |       |       |     1 |     4 ||     6
Block: Shield            |       |       |       |       |     1 |       |     3 |       |     8 ||    12

Vault maps used:
D:        meatsprint

Table legend:
 A = Turns spent in this place as a percentage of turns spent in the entire game.
 B = Non-inter-level travel turns spent in this place as a percentage of non-inter-level travel turns spent in the entire game.
 C = Inter-level travel turns spent in this place as a percentage of turns spent in this place.
 D = Turns resting spent in this place as a percentage of non-inter-level travel turns spent in this place.
 E = Turns spent auto-exploring this place as a percentage of non-inter-level travel turns spent in this place.
 F = Non-inter-level travel turns spent in this place divided by the number of levels of this place that you've seen.
                   A       B       C       D       E      F
               +-------+-------+-------+-------+-------+----------------------
         Total | 100.0 | 100.0 |   0.0 |   1.5 |   0.0 | 269.0
       Dungeon | 100.0 | 100.0 |   0.0 |   1.5 |   0.0 | 269.0
               +-------+-------+-------+-------+-------+----------------------

Table legend:
 A = Kills in this place as a percentage of kills in entire the game.
 B = Kills by you in this place as a percentage of kills by you in the entire game.
 C = Kills by friends in this place as a percentage of kills by friends in the entire game.
 D = Other kills in this place as a percentage of other kills in the entire game.
 E = Experience gained in this place as a percentage of experience gained in the entire game.
 F = Experience gained in this place divided by the number of levels of this place that you have seen.
                   A       B       C       D       E      F
               +-------+-------+-------+-------+-------+----------------------
         Total | 100.0 | 100.0 |  -nan |  -nan | 100.0 | 3855619.0
       Dungeon | 100.0 | 100.0 |  -nan |  -nan | 100.0 | 3855619.0
               +-------+-------+-------+-------+-------+----------------------
